[Event "Romanian Rapid Open 2022"]
[Site "Sebes"]
[Date "2022.12.02"]
[Round "1.13"]
[White "Iosif, Mihai-Aurelian"]
[Black "Stoleriu, George"]
[Result "0-1"]
[ECO "A45"]
[WhiteElo "1549"]
[BlackElo "2389"]
[Annotator "TA"]
[PlyCount "70"]
[EventDate "2022.12.02"]
[EventType "rapid"]
[EventCountry "ROU"]
[SourceTitle "playchess.com"]
[Source "ChessBase"]
[SourceQuality "1"]
[TimeControl "600+5"]

1. d4 e6 2. Nc3 Nf6 3. Bf4 Bb4 4. a3 Bxc3+ 5. bxc3 b6 6. Nf3 {[%emt 0:00:10] A45: Trompowsky Attack.} Bb7 {[%emt 0:00:01] [#]} 7. Qd3 $146 ({Predecessor:} 7. Bg5 d6 8. e3 O-O 9. Bd3 Nbd7 10. O-O e5 11. dxe5 Nxe5 12. Nxe5 dxe5 13. Rb1 {0-1 (38) Hjorth,E (1591)-Olesen,P (1509) Skorping 2017}) 7... d6 8. g3 ({White should play} 8. Nd2 $15) 8... Nc6 ({Black should try} 8... h6 $17 {White must now prevent ...g5.} 9. Bg2 Be4) 9. Bg2 Na5 10. O-O Be4 11. Qd1 Qd7 12. Nd2 (12. Ne1 $142) 12... Bxg2 $17 13. Kxg2 Qc6+ 14. Kg1 Qxc3 15. Nf3 Qc6 {[%emt 0:00:06] Black is much more active. The white rooks are badly placed.} 16. Re1 O-O 17. Qd3 Qe4 18. Ng5 Qxd3 19. exd3 Nc6 20. c3 Rfe8 21. Ne4 Nd5 22. Bd2 h6 23. f4 f5 24. Nf2 e5 25. c4 {[%emt 0:00:18] [#]} (25. fxe5 $17 dxe5 26. dxe5) 25... Nxd4 $1 {[%emt 0:00:59] aiming for ...Nf3+.} 26. cxd5 Nf3+ 27. Kg2 Nxd2 28. Re2 $2 (28. fxe5 {was called for.} dxe5 29. Rac1) 28... Nb3 $19 29. Rae1 Nd4 {[%emt 0:00:02] Prevents Rc2. Black is clearly winning.} 30. Rb2 exf4 31. Rxe8+ Rxe8 32. Rb4 f3+ 33. Kh3 Ne2 34. g4 f4 {[%emt 0:00:38] [#] And now ...Ng1+ would win.} 35. Rc4 g5 {[%emt 0:00:04] Weighted Error Value: White=0.65/Black=0.07 (flawless)} 0-1

[Event "Romanian Rapid Open 2022"]
[Site "Sebes"]
[Date "2022.12.02"]
[Round "1.14"]
[White "Soltanici, Ruslan"]
[Black "Popescu, Alexandru-Mihai"]
[Result "1-0"]
[ECO "B01"]
[WhiteElo "2357"]
[BlackElo "1634"]
[Annotator "TA"]
[PlyCount "43"]
[EventDate "2022.12.02"]
[EventType "rapid"]
[EventCountry "ROU"]
[SourceTitle "playchess.com"]
[Source "ChessBase"]
[SourceQuality "1"]
[TimeControl "600+5"]

1. e4 d5 2. exd5 Nf6 3. d4 Bg4 4. Be2 Bxe2 5. Qxe2 Qxd5 6. Nf3 Nc6 7. c4 Qf5 8. Nc3 {[%emt 0:00:08] B01: Scandinavian Defence.} e6 9. O-O {[%emt 0:00:08] d5 is the strong threat.} (9. d5 $5 Nb4 10. O-O $14) 9... O-O-O 10. Be3 {[%emt 0:00:31] White is slightly better.} Bd6 11. Rab1 {[%emt 0:00:49] [#]} Ng4 $146 (11... g5 $14) ({Predecessor:} 11... Bf4 12. h3 g5 13. b4 h5 14. b5 Ne7 15. Ne5 Bxe5 16. dxe5 Qxe5 17. Qb2 g4 {0-1 (25) Nguyen,H (1697)-Kavyev,R (2306) Chess.com INT 2021}) 12. c5 Bf4 13. h3 {[%emt 0:00:08] Against e5} Nf6 14. b4 Ne4 {[%emt 0:01:01] Prevents b5.} (14... g5 $142) 15. Rb3 ({Better is} 15. Nxe4 $16 Qxe4 16. Rfe1) 15... Nxc3 16. Rxc3 {[%emt 0:00:02] And now b5 would win.} Nxb4 {[%emt 0:00:44] [#] This costs Black the game.} (16... e5 $16 17. Bxf4 exf4) 17. Qb5 Nd5 (17... Bxe3 $2 18. fxe3 f6 19. Qxb4 $18) (17... Nc6 {is a better defense.} 18. Rb3 Rd5 19. Qxb7+ Kd7) 18. Rb3 b6 (18... f6 19. Bxf4 (19. Qxb7+ Kd7 $16) 19... Qxf4) 19. Ra3 $18 {[%emt 0:00:51] White is clearly winning.} a5 20. cxb6 cxb6 (20... Nxb6 $142 21. Qxf5 (21. Rxa5 Qxb5 22. Rxb5 Bd6 $14) (21. Qxa5 Qxa5 22. Rxa5 Bd6 $11) 21... exf5 22. Bxf4 f6) 21. Bxf4 {[%emt 0:00:48] [#] Intending Qc6+ and mate.} Qxf4 22. Ne5 {[%emt 0:04:21] Weighted Error Value: White=0.29 (precise) /Black=0.70} 1-0

[Event "Romanian Rapid Open 2022"]
[Site "Sebes"]
[Date "2022.12.02"]
[Round "1.15"]
[White "Tarciuc, Ianis-Mihai"]
[Black "Sfarlog, Tudor-Vlad"]
[Result "0-1"]
[ECO "A21"]
[WhiteElo "1642"]
[BlackElo "2283"]
[Annotator "TA"]
[PlyCount "49"]
[EventDate "2022.12.02"]
[EventType "rapid"]
[EventCountry "ROU"]
[SourceTitle "playchess.com"]
[Source "ChessBase"]
[SourceQuality "1"]
[TimeControl "600+5"]

1. c4 g6 2. g3 Bg7 3. Bg2 d6 4. Nc3 e5 5. d3 f5 6. e3 Nf6 7. Nge2 O-O 8. O-O c6 9. Rb1 a5 10. a3 Be6 11. b4 axb4 12. axb4 {[%emt 0:00:02] The position is equal.} d5 {[%emt 0:00:18] A21: English Opening: 1...e5 2 Nc3.} 13. cxd5 cxd5 14. d4 e4 15. Bd2 Nbd7 16. Na4 $1 Nb6 17. Nxb6 Qxb6 18. Qb3 Rfc8 19. Rfc1 Bf8 {[%emt 0:01:27] [#]} 20. Bf1 $146 ({Predecessor:} 20. Rxc8 Rxc8 21. Bf1 Bf7 22. b5 Ne8 23. Bb4 Nd6 24. Nc3 Nc4 25. Rd1 Bh6 26. Bc5 {1-0 (78) Bujisho,B (2368)-Dunis,A (2347) Cannes 2001}) 20... g5 21. Rxc8 Rxc8 22. b5 Bd6 23. Nc3 Qd8 24. Rc1 f4 25. Na4 {[%emt 0:00:12] Weighted Error Value: White=0.02 (flawless) /Black=0.04 (flawless)} (25. exf4 $11 {keeps the balance.} gxf4 26. Bxf4) 0-1

[Event "Romanian Rapid Open 2022"]
[Site "Sebes"]
[Date "2022.12.02"]
[Round "1.16"]
[White "Filip, Lucian-Ioan"]
[Black "Hoanca, Alexia-Ioana"]
[Result "1-0"]
[ECO "B36"]
[WhiteElo "2370"]
[BlackElo "1644"]
[Annotator "TA"]
[PlyCount "72"]
[EventDate "2022.12.02"]
[EventType "rapid"]
[EventCountry "ROU"]
[SourceTitle "playchess.com"]
[Source "ChessBase"]
[SourceQuality "1"]
[TimeControl "600+5"]

1. Nf3 Nf6 2. c4 c5 3. Nc3 Nc6 4. d4 cxd4 5. Nxd4 Nxd4 6. Qxd4 d6 7. e4 g6 8. Bg5 Bg7 9. Be2 {[%emt 0:00:40] has lost popularity (9.Qd2).} O-O 10. Qd2 Re8 {[%emt 0:01:42] 10...a5 is the modern continuation. B36: Sicilian: Maroczy Bind: Gurgenidze System.} 11. Rc1 Bd7 12. O-O Bc6 {[%emt 0:00:07] White is slightly better.} 13. f3 Nd7 14. Kh1 a5 15. b3 {[%emt 0:00:01] [#]} b6 $146 ({Predecessor:} 15... Nc5 16. Rc2 Be5 17. Rb1 f6 18. Be3 g5 19. a3 e6 20. b4 axb4 21. axb4 Na4 22. Nd1 b6 23. Nf2 Qe7 24. Nd3 h6 25. Nxe5 {1-0 (25) Cramling,P (2450)-Hansson,F (2150) Sweden 2018}) 16. Rfe1 Rc8 17. Nd5 Bxd5 (17... Rb8 $14) 18. exd5 Nc5 19. Bf1 Qc7 20. Re2 Qb7 21. Rce1 Rc7 22. Re3 Rd7 23. R1e2 ({Better is} 23. a3 $14) 23... h6 (23... e5 $1 $11) 24. Bh4 g5 25. Bf2 Bf6 (25... e5 $14) 26. Re1 (26. f4 $142 $1 ) 26... Kg7 {[%emt 0:00:05] [#]} (26... Rdd8 $16) 27. R3e2 (27. f4 $1 $18 {is more deadly.}) 27... Rc7 (27... e5 $142) 28. f4 Nd7 {[%emt 0:00:22] [#]} (28... g4 $16 {is a better defense.} 29. Bd4 Rg8) 29. Bd4 (29. fxg5 $1 $18 hxg5 30. Be3) 29... Bxd4 (29... g4 $16 30. Rxe7 Rxe7 31. Rxe7 Bxd4) 30. Qxd4+ $18 f6 $2 (30... Nf6 31. fxg5 hxg5) 31. Rxe7+ Rxe7 32. Rxe7+ Kf8 (32... Kg8 $142 33. Re6 b5 34. Rxd6 bxc4 35. Bxc4 Qb4) 33. Rh7 {[%emt 0:00:37] Qd3 would kill now.} gxf4 34. Qxf4 {[%emt 0:00:07] White mates.} Kg8 35. Qxh6 Nf8 36. Rh8+ Kf7 {[%emt 0:00:02] Weighted Error Value: White=0.21 (precise) /Black=0.67} 1-0

[Event "Romanian Rapid Open 2022"]
[Site "Sebes"]
[Date "2022.12.02"]
[Round "1.18"]
[White "Cosma, Ioan"]
[Black "Stefan, Iulia-Cristiana"]
[Result "1/2-1/2"]
[ECO "E62"]
[WhiteElo "2368"]
[BlackElo "1662"]
[Annotator "TA"]
[PlyCount "72"]
[EventDate "2022.12.02"]
[EventType "rapid"]
[EventCountry "ROU"]
[SourceTitle "playchess.com"]
[Source "ChessBase"]
[SourceQuality "1"]
[TimeControl "600+5"]

1. d4 d6 2. Nf3 g6 3. g3 Bg7 4. Bg2 Nf6 5. O-O O-O 6. c4 c6 7. Nc3 Bf5 8. b3 Ne4 9. Bb2 Nxc3 10. Bxc3 Be4 11. e3 d5 12. Qe2 {[%emt 0:00:03] E62: King's Indian: Fianchetto: 6...c6 and Panno Variation (6...Nc6) without ...a6.} Nd7 13. Rfc1 {[%emt 0:00:07] [#]} Rc8 $146 ({Predecessor:} 13... e6 14. Bf1 Bxf3 15. Qxf3 Qe7 16. a4 Rfc8 17. b4 Nb6 18. c5 Nd7 19. b5 e5 {1-0 (85) Lazavik,D (2440)-Ivic,V (2581) Chess.com INT 2021}) 14. Bf1 {[%emt 0:00:14] White is slightly better.} Nf6 15. Bh3 (15. Ne5 $5) 15... Bf5 16. Bxf5 gxf5 17. Nh4 e6 18. f3 Kh8 19. Qb2 Bh6 20. Re1 Rg8 21. Qg2 (21. Ng2 $14 {keeps the upper hand.}) 21... f4 (21... Bg5 $17 {White must now prevent ...Bxh4.} 22. Qh3 Qf8) 22. exf4 (22. Qh3 $1 $11) 22... Bxf4 (22... Nh5 $1 $17 {[%cal Rh5f4] And now ...Nxf4 would win.} 23. Kf2 Bxf4) 23. Red1 $2 {[%emt 0:01:03] [#]} (23. Qh3 $1 $11) 23... Nh5 $1 $19 24. Be1 Bg5 25. Kh1 Bxh4 26. Qh3 {[%emt 0:00:01] [#]} Bxg3 27. Bxg3 $2 {[%emt 0:00:14] Now White is beyond hope.} ({White should play} 27. hxg3 $15 Nf6 28. c5) 27... Nxg3+ {[%emt 0:00:04] Black is clearly better.} 28. hxg3 Qg5 29. Kg2 Rg6 {[%emt 0:00:25] aiming for ...Rh6.} 30. Rd3 Rh6 31. Qg4 Qxg4 32. fxg4 Rg6 33. Rf1 Kg7 ({Worse is} 33... Rxg4 34. Rxf7 Rg7 35. Rf6 $15) 34. Rf4 f6 35. Re3 Kf7 36. c5 (36. Kh3 $17) 36... Rh8 {[%emt 0:00:17] Weighted Error Value: White=0.46/Black=0.32} 1/2-1/2

[Event "Romanian Rapid Open 2022"]
[Site "Sebes"]
[Date "2022.12.02"]
[Round "1.19"]
[White "Patilea, Alin-Giani"]
[Black "Talu, Mircea"]
[Result "0-1"]
[ECO "B34"]
[WhiteElo "1475"]
[BlackElo "2327"]
[Annotator "TA"]
[PlyCount "62"]
[EventDate "2022.12.02"]
[EventType "rapid"]
[EventCountry "ROU"]
[SourceTitle "playchess.com"]
[Source "ChessBase"]
[SourceQuality "1"]
[TimeControl "600+5"]

1. e4 c5 2. Nf3 Nc6 3. d4 cxd4 4. Nxd4 g6 5. Be3 Bg7 6. Nc3 Nf6 7. f3 O-O 8. Qd2 d5 9. Nxc6 bxc6 10. O-O-O {[%emt 0:00:05] 10.0-0-0 is better than 10.e5.} Qa5 11. Kb1 {[%emt 0:00:05] [#] B34: Sicilian: Accelerated Dragon with 5 Nc3: sidelines.} (11. exd5 $11 {remains equal.} cxd5 12. Bd4 (12. Nxd5 Qxa2 13. Nxf6+ Bxf6 $17)) 11... Kh8 $146 (11... Rb8 $17 12. b3 Rb4 13. exd5 Rd8) ({Predecessor:} 11... Rb8 12. Nxd5 Rxb2+ 13. Kxb2 Nxe4+ 14. Bd4 Nxd2 15. Nxe7+ Kh8 16. Nxc6 Bxd4+ 17. Nxd4 Qb4+ 18. Nb3 Nxf1 19. Rhxf1 {0-1 (32) Baeza Escudero,J (1877)-Sarasketa Irastortza,O (1728) Collado Villalba 2022}) 12. Bh6 (12. exd5 $14 Rb8 13. b3 (13. dxc6 Nd5 $11)) 12... Rb8 13. Bxg7+ {[%emt 0:00:05] The position is equal.} (13. exd5 $2 {loses.} Bxh6 14. Qxh6 {[#]} Qxc3 $1 $19) 13... Kxg7 14. b3 dxe4 15. Nxe4 Qxd2 16. Nxd2 Rd8 17. Be2 Nd5 {[%emt 0:00:05] [#] White must now prevent ...Nc3+.} 18. Ne4 {[%emt 0:00:05] Against Nc3+} Bf5 19. Kb2 (19. Rde1 $11) 19... Nf4 (19... Bxe4 $17 20. fxe4 Ne3 21. Rxd8 Rxd8) 20. Bc4 ({White should try} 20. Ng3 $15) 20... Nxg2 $17 {[%emt 0:00:05] aiming for ...Rxd1.} 21. Ng3 Ne3 $36 {[%emt 0:00:05][%csl LRc2,LRc4,LRd1][%mdl 2048] Black has strong initiative.} 22. Nxf5+ Nxf5 (22... gxf5 $19 23. Rxd8 Nxc4+ 24. Kc3 Rxd8 25. Kxc4 Rd2) 23. Rhe1 Kf6 24. Bd3 Nd6 25. a4 c5 26. Re2 $2 (26. Kc3) 26... c4 $19 27. Be4 cxb3 28. cxb3 Nc4+ 29. Kc1 {[%emt 0:00:05] Hoping for Rxd8.} Rxd1+ 30. Kxd1 Rxb3 31. Bd5 (31. Bc6 $142) 31... Rd3+ {[%emt 0:00:05] Weighted Error Value: White=0.63/Black=0.23 (precise)} 0-1

[Event "Romanian Rapid Open 2022"]
[Site "Sebes"]
[Date "2022.12.02"]
[Round "1.20"]
[White "Manea, Alexandru"]
[Black "Radu, Robert-Daniel"]
[Result "1-0"]
[ECO "D53"]
[WhiteElo "2339"]
[BlackElo "1510"]
[Annotator "TA"]
[PlyCount "92"]
[EventDate "2022.12.02"]
[EventType "rapid"]
[EventCountry "ROU"]
[SourceTitle "playchess.com"]
[Source "ChessBase"]
[SourceQuality "1"]
[TimeControl "600+5"]

1. d4 d5 2. Nf3 Nf6 3. Bf4 e6 4. c4 c6 5. e3 Bd6 6. Bg5 h6 7. Bh4 O-O 8. Nc3 Be7 9. Qb3 {[%emt 0:00:07] D53: Queen's Gambit Declined: 4 Bg5 Be7: Early deviations.} Ne4 10. Bxe7 Qxe7 11. Bd3 {[%emt 0:00:03] The position is equal.} f5 {[%emt 0:00:04] [#]} (11... Nxc3 $11 12. Qxc3 Nd7) 12. O-O $146 ({Predecessor:} 12. Ne5 Qf6 13. Bxe4 fxe4 14. O-O b6 15. cxd5 exd5 16. Nxe4 Qe6 17. Ng3 Nd7 18. f4 Nxe5 19. fxe5 {1-0 (49) Haeggberg,M (1846)-Knauer,M (1596) Schney 2019}) 12... Nxc3 13. bxc3 Nd7 14. cxd5 exd5 15. c4 Qd6 ({Black should play} 15... dxc4 16. Bxc4+ (16. Qxc4+ Kh7 $16) 16... Kh7) 16. cxd5 $16 cxd5 17. Rac1 Nf6 18. Ne5 {[%emt 0:00:27] White is much more active. The black rooks are badly placed.} a5 (18... Rb8 $16 19. h3 Be6) 19. a4 Ne4 (19... Ng4 $142) 20. Rfd1 Qb4 $2 (20... Rd8 {is a better defense.} 21. f3 Nf6) 21. Qxd5+ $18 Kh7 22. Qc4 {[%emt 0:03:06] Prevents Nc3.} Qxc4 23. Bxc4 Nd6 24. Bd5 Ra6 25. Rb1 Rd8 26. Rdc1 Bd7 27. Nxd7 ({Don't do} 27. Bxb7 Nxb7 28. Rxb7 Bxa4) 27... Rxd7 28. Rc5 b6 (28... Re7 $142 29. g3 g6) 29. Rc6 Ne4 $2 (29... Rd8 30. g3 g6 31. Rbxb6 Rxb6) 30. Be6 ({Stronger than} 30. Rbxb6 Rxb6 31. Bxe4 Rxc6 32. Bxc6 Rc7 $15) 30... Re7 31. Bxf5+ ({Weaker is} 31. Rcxb6 Rxe6 32. Rxe6 Rxe6 $17) 31... Kg8 32. Bg6 {[%emt 0:00:22] [#] White threatens Rc8+ and mate.} Nf6 33. Rc8+ Ne8 34. Bxe8 {[%emt 0:00:11] White wants to mate with Bg6+.} Kh7 {[%emt 0:01:17] Against Bg6+} 35. h4 {[%emt 0:04:33][%cal Bh2h4,Bh4h5][%mdl 32] Strongly threatening h5.} g5 36. h5 {[%emt 0:00:00] [#] Threatening mate with Bg6+.} Kg7 37. Bg6 b5 38. Rxb5 {[%emt 0:00:05] Intending Rbb8 and mate.} Raa7 39. Rbb8 {[%emt 0:00:05] White mates.} Rac7 40. Rg8+ Kf6 41. Rbf8+ Ke6 42. e4 Rc1+ 43. Kh2 Rc4 44. Bf5+ Kd6 45. Rf6+ Kc7 46. Rc8+ Kb7 {[%emt 0:00:05] Black did not feel at home in the position after the opening.   Weighted Error Value: White=0.20 (precise) /Black=0.77} 1-0

[Event "Romanian Rapid Open 2022"]
[Site "Sebes"]
[Date "2022.12.02"]
[Round "1.21"]
[White "Roncea, Ioan-Aurel"]
[Black "Itkis, Boris"]
[Result "0-1"]
[ECO "A46"]
[WhiteElo "1461"]
[BlackElo "2343"]
[Annotator "TA"]
[PlyCount "48"]
[EventDate "2022.12.02"]
[EventType "rapid"]
[EventCountry "ROU"]
[SourceTitle "playchess.com"]
[Source "ChessBase"]
[SourceQuality "1"]
[TimeControl "600+5"]

1. d4 Nf6 2. Nf3 c5 3. c3 Qc7 4. Bg5 Ne4 5. Nbd2 Nxg5 6. Nxg5 {[%emt 0:00:02] A46: 1 d4 Nf6 2 Nf3 e6: Torre, London and Colle Systems.} g6 {[%emt 0:00:38] [#]} 7. Ngf3 $146 ({Predecessor:} 7. e3 Bg7 8. Qf3 O-O 9. Bc4 e6 10. d5 e5 11. d6 Qxd6 12. Bxf7+ Kh8 13. Qh3 {1-0 (73) Jakesevic,I (1623)-Scheve,P (1503) Wiesbaden 2018}) 7... Bg7 8. e3 {[%emt 0:00:09] The position is equal.} O-O 9. Be2 d5 10. O-O Nd7 11. Rc1 b6 12. c4 dxc4 13. Bxc4 Bb7 {[%emt 0:00:17] Prevents b4.} 14. Rc2 ({White should play} 14. b4 $14) 14... Rac8 15. Qe2 Qb8 {[%emt 0:00:07] Against b4} 16. a3 (16. d5 $11) 16... cxd4 $15 17. Nxd4 Ne5 18. N4f3 {[%emt 0:00:17] [#]} ({White should try} 18. Bb3 $15) 18... b5 (18... Nxc4 $1 $19 {and Black stays clearly on top.} 19. Nxc4 Be4) 19. Nxe5 (19. Bb3 $17) 19... Bxe5 (19... Qxe5 $19 {has better winning chances.} 20. Bd3 Rxc2 21. Bxc2 Qxb2) 20. Bb3 (20. f4 $17) 20... Rxc2 21. Bxc2 Bxh2+ {[%emt 0:00:12] A strong pair of Bishops.} ({And not} 21... Bxb2 22. Qxb5 Be5 23. g3 $15) 22. Kh1 Be5 23. Qxb5 $2 {[%emt 0:00:25] [#]} (23. Kg1) 23... Bxg2+ $1 $19 24. Kxg2 Qxb5 {Weighted Error Value: White=0.89/Black=0.20 (precise)} 0-1

[Event "Romanian Rapid Open 2022"]
[Site "Sebes"]
[Date "2022.12.02"]
[Round "1.22"]
[White "Ciorgovean, Iustin"]
[Black "Santimbrean, Mihnea-Nicolae"]
[Result "1-0"]
[ECO "C11"]
[WhiteElo "2319"]
[BlackElo "1491"]
[Annotator "TA"]
[PlyCount "48"]
[EventDate "2022.12.02"]
[EventType "rapid"]
[EventCountry "ROU"]
[SourceTitle "playchess.com"]
[Source "ChessBase"]
[SourceQuality "1"]
[TimeControl "600+5"]

1. e4 e6 2. d4 d5 3. Nc3 Nf6 4. e5 Nfd7 5. f4 c5 6. Nf3 Qb6 7. Na4 {[%emt 0:00:17] C11: French: Classical System: 4 e5 and 4 Bg5 dxe4.} Qa5+ 8. c3 b5 (8... cxd4 $14 9. b4 (9. Qxd4 $2 {is the wrong capture.} b5 $19) (9. Nxd4 a6 $11) 9... Qc7) 9. Nxc5 $18 {[%emt 0:00:10] White is clearly better.} Nxc5 (9... Bxc5 $16 10. dxc5 b4) 10. dxc5 $2 {[%emt 0:00:01] [#]} ({White has to play} 10. b4 $1 $18 Qa4 11. dxc5 (11. bxc5 Qxd1+ 12. Kxd1 Bd7 $16)) 10... Bxc5 $2 (10... b4 $14) 11. b4 Bxb4 12. cxb4 Qxb4+ 13. Bd2 Qe4+ {[%emt 0:00:39] [#]} 14. Be2 $146 ({Predecessor:} 14. Qe2 Qc4 15. Rc1 Qxe2+ 16. Bxe2 Bd7 17. Bb4 a5 18. Bd6 b4 19. Nd4 f6 20. Nb5 Bxb5 21. Bxb5+ {1-0 (36) Santos,M (1630)-Kojima,R (1437) Sao Paulo 2016}) 14... a6 15. O-O d4 $2 (15... Nc6 16. Re1 Qa4) 16. Re1 {[%emt 0:00:34][%cal Oe2b5] White is clearly winning.} Qd5 17. Bd3 {[%emt 0:00:21] [#] Black must now prevent Be4.} Qd8 18. a4 bxa4 19. Qxa4+ Bd7 20. Qxd4 Nc6 21. Qd6 a5 22. Rec1 Rc8 23. Be4 Qb6+ 24. Kh1 Qc7 {[%emt 0:00:14] Weighted Error Value: White=0.74/Black=0.86} 1-0

[Event "Romanian Rapid Open 2022"]
[Site "Sebes"]
[Date "2022.12.02"]
[Round "1.23"]
[White "Sida, Flavius-Ovidiu"]
[Black "Cosma, Elena-Luminita"]
[Result "0-1"]
[ECO "D56"]
[WhiteElo "1452"]
[BlackElo "2244"]
[Annotator "TA"]
[PlyCount "54"]
[EventDate "2022.12.02"]
[EventType "rapid"]
[EventCountry "ROU"]
[SourceTitle "playchess.com"]
[Source "ChessBase"]
[SourceQuality "1"]
[TimeControl "600+5"]

1. d4 d5 2. c4 e6 3. Nc3 Nf6 4. Bg5 Be7 5. Nf3 h6 6. Bh4 O-O 7. e3 Ne4 8. Bxe7 Qxe7 9. Nxe4 dxe4 10. Nd2 f5 11. c5 {[%emt 0:00:35] D56: Queen's Gambit Declined: Lasker Defence.} e5 12. Bc4+ Kh8 13. O-O {[%emt 0:01:33] [#] Black is slightly better.} Nd7 $146 (13... exd4 $17 14. exd4 Rd8) ({Predecessor:} 13... exd4 14. exd4 Be6 15. Qb3 Bxc4 16. Nxc4 Rd8 17. Ne5 Rxd4 18. Ng6+ {1-0 (18) Molfenter,V-Scheerer,M freechess.de 2018}) 14. b4 a5 15. a3 exd4 16. exd4 axb4 17. axb4 Rxa1 18. Qxa1 Nf6 19. Qa2 c6 20. Bb3 e3 (20... Qd7 $15) 21. fxe3 $2 {[%emt 0:00:03] [#]} (21. Nc4 $11) 21... Qxe3+ $17 22. Kh1 Qxd4 {[%emt 0:00:03] Black is more active.} 23. Nc4 $2 (23. Bc4 $17) 23... Be6 (23... Ne4 $19 24. Nd6 Nxd6 25. cxd6 Qxb4) 24. Rd1 Qf4 $40 {[%emt 0:00:12][%mdl 128] White is in trouble.} ({Black should try} 24... Qg4 $19 {White must now prevent ...Bxc4.} 25. Ne3 Bxb3 26. Qxb3 Qe2) 25. Nd6 {[%emt 0:00:25][%mdl 8192] [#]} (25. Qd2 $17 Qxd2 26. Nxd2 Bxb3 27. Nxb3) 25... Ng4 $1 26. g3 (26. Kg1 Qe3+) 26... Qf3+ ({Weaker is} 26... Qxb4 27. Bxe6 Qxc5 28. Nf7+ (28. Nxb7 Qe3 $11) 28... Kh7 29. Rb1 $14) 27. Kg1 Bxb3 {[%emt 0:00:05] Weighted Error Value: White=1.15/Black=0.28 (precise)} 0-1

[Event "Romanian Rapid Open 2022"]
[Site "Sebes"]
[Date "2022.12.02"]
[Round "1.24"]
[White "Filip, Andrei"]
[Black "Murg, Gheorghe"]
[Result "1-0"]
[ECO "E15"]
[WhiteElo "2331"]
[BlackElo "1312"]
[Annotator "TA"]
[PlyCount "79"]
[EventDate "2022.12.02"]
[EventType "rapid"]
[EventCountry "ROU"]
[SourceTitle "playchess.com"]
[Source "ChessBase"]
[SourceQuality "1"]
[TimeControl "600+5"]

1. Nf3 Nf6 2. d4 e6 3. c4 b6 4. g3 Ba6 5. b3 Bb7 6. Bg2 Bb4+ 7. Bd2 a5 8. O-O O-O 9. Bc3 d5 10. cxd5 {[%emt 0:00:41] [#] E15: Queen's Indian: 4 g3 sidelines, 4 g3 Ba6 and 4 g3 Bb7 early deviations.} Nxd5 $146 ({Predecessor:} 10... exd5 11. Bb2 Re8 12. a3 Bf8 13. Nc3 Nbd7 14. Rc1 c6 15. Re1 b5 16. Ne5 Nxe5 17. dxe5 Nd7 {½-½ (65) Barseghyan,A (2358)-Sturua,Z (2529) Yerevan 2022}) 11. Bb2 Nd7 12. a3 {[%emt 0:00:09] White has an edge.} Be7 13. Nbd2 c5 14. Nc4 Bf6 (14... b5 $11 15. Ncd2 Qb6) 15. e4 $16 Nc7 16. Qc2 Rb8 (16... Nb5 $16 {might work better.}) 17. Rfd1 Qe7 18. e5 Bg5 19. Nxg5 Qxg5 20. Bxb7 Rxb7 {[%emt 0:00:15] [#]} 21. dxc5 $1 Nxc5 22. b4 axb4 (22... N5a6 $16 23. Nd6 (23. bxa5 bxa5 24. Nxa5 Rb5 $16) 23... Rbb8) 23. axb4 $18 N5a6 24. Nd6 Rbb8 {[%emt 0:00:20] [#]} 25. Qc6 ({White should play} 25. Rd4 $1 $18) 25... Qe7 (25... Nd5 $16) 26. Bc3 Rfd8 27. b5 Nc5 28. Ra7 Rd7 29. Bb4 {[%emt 0:00:39] White has more active pieces.} Nd5 30. Rxd7 (30. Nc8 $16 Qd8 31. Bxc5 Rxa7 32. Nxa7 bxc5 33. Qxc5) 30... Nxd7 $11 {[%emt 0:00:14] Pair of Knights!} 31. Bc3 Nc5 32. Bd4 $36 {[%emt 0:00:18][%mdl 2048] Keeping Black busy.} h6 (32... Nb4 $16 {was necessary.} 33. Qf3 Nd7) 33. Bxc5 $18 bxc5 34. Qxc5 Qg5 35. Qa7 Rf8 36. Re1 {[%emt 0:00:02] Threatens to win with b6.} Nf4 $2 {[%emt 0:00:14] This costs Black the game.} (36... Qd2 $16 {was called for.} 37. Qa1 Nc3) 37. Qe3 (37. Qd4 $142 Nd5 38. b6 Nxb6 39. Qxb6) 37... Nh3+ (37... Nd5 38. Qxg5 hxg5) 38. Kg2 {[%emt 0:00:01] White is clearly winning.} Qxe3 39. Rxe3 Ng5 40. h4 {[%emt 0:00:01] Weighted Error Value: White=0.31/Black=0.47} 1-0